 Dungeon Crawl Stone Soup version 0.19-a0-1820-gbf060b2 (webtiles) character file.

170 Ebgish the Charmwright (level 5, 36/36 HPs)
             Began as a High Elf Skald on July 21, 2016.
             Quit the game on level 3 of the Dungeon on Oct 5, 2016.
             The game lasted 00:11:05 (3052 turns).

Ebgish the Charmwright (High Elf Skald)             Turns: 3052, Time: 00:11:05

Health: 36/36      AC:  6    Str: 11    XL:     5   Next: 25%
Magic:  8/11       EV: 12    Int: 16    God:
Gold:   81         SH:  0    Dex: 15    Spells: 4 memorised, 3 levels left

rFire  . . .     SeeInvis .     a - +0 falchion
rCold  . . .     Gourm    .     b - +0 leather armour
rNeg   . . .     Faith    .     (no shield)
rPois  .         Spirit   .     o - +1 helmet
rElec  .         Dismiss  .     n - +0 cloak
rCorr  .         Reflect  .     (no gloves)
MR     .....     Harm     .     (no boots)
Stlth  +.........               (no amulet)
                                (no ring)
                                (no ring)

@: no status effects
A: no striking features
a: no special abilities


You were on level 3 of the Dungeon.
You were not hungry.

You visited 1 branch of the dungeon, and saw 3 of its levels.

You collected 81 gold pieces.

Inventory:

Hand Weapons
 a - a +0 falchion (weapon)
Missiles
 i - 5 javelins (quivered)
Armour
 b - a +0 leather armour (worn)
 n - a +0 cloak (worn)
 o - a +1 helmet (worn)
Wands
 h - a wand of flame (17/48)
 m - a wand of slowing (18/48)
Potions
 e - a potion of haste
 f - a potion of cancellation
 g - a potion of brilliance
 k - a potion of magic {unknown}
 l - a potion of degeneration {unknown}
Books
 c - a book of Battle

   Spells                             Type                      Level
   a - Infusion                       Charms                       1
   b - Shroud of Golubria             Charms/Translocation         2
   c - Song of Slaying                Charms                       2
   d - Spectral Weapon                Hexes/Charms                 3
   e - Regeneration                   Charms/Necromancy            3
Comestibles
 d - 2 bread rations
 j - 4 fruits


   Skills:
 + Level 2.8 Fighting
 + Level 3.4 Long Blades
 + Level 1.6 Armour
 + Level 2.1 Dodging
 + Level 3.6 Spellcasting
 + Level 4.6 Charms


You had 3 spell levels left.
You knew the following spells:

 Your Spells              Type           Power        Failure   Level  Hunger
a - Infusion              Chrm           ###.         3%          1    None
b - Regeneration          Chrm/Necr      ##........   30%         3    ###....
c - Song of Slaying       Chrm           ###.....     6%          2    ##.....
d - Shroud of Golubria    Chrm/Tloc      ##........   14%         2    ##.....


Dungeon Overview and Level Annotations

Branches:
Dungeon (3/15)

Altars:
Makhleb
Ru


Message History

h - a wand of flame {zapped: 1}
Things that are here:
an antimagic trident; an animal skin; a glowing helmet
o - a glowing helmet Wear which item? (? for menu, Esc to quit)
You start putting on your armour.
You continue putting on your glowing helmet. x4
You finish putting on your +1 helmet.
i - 2 javelins (gained 1)
i - 5 javelins (gained 3)
Your magical infusion is running out.
You found a teleport trap!
You are no longer magically infusing your attacks.
Unknown command.
Unknown command.
Save game and exit?
Welcome back, Ebgish the High Elf Skald.
Welcome back, Ebgish the High Elf Skald.
Okay, then.
Okay, then.

###.## ....... #....#
#....... #....# .#
#......# #....##.#
#......## #....##.#
#........
######.###.#..>.......
#.####g# #.#.#.....#
#....#.###.#.#^....#
#.##.#.#...#.#@....#
#.##.#.#...#.#.....#
#.##.#.###.#.#.....#
#.##.#.............#
#.##.##............#
#.##.######...######
#.##..........#
#(#######.....#
#.........[...#


There were no monsters in sight!

Vanquished Creatures
  Crazy Yiuf (D:2)
  Jessica (D:3)
  Robin (D:3)
  2 adders (D:2)
  3 oozes
  A worm (D:2)
  2 dart slugs
  3 giant cockroaches (D:1)
  10 goblins
  13 hobgoblins
  4 jackals (D:2)
  2 quokkas (D:3)
  3 ball pythons
  5 bats
  3 frilled lizards
  4 kobolds
  5 rats
63 creatures vanquished.

Notes
Turn   | Place    | Note
-------+----------+-------------------------------------------
     0 | D:1      | Ebgish the High Elf Skald began the quest for the Orb.
     0 | D:1      | Reached XP level 1. HP: 14/14 MP: 4/4
   472 | D:1      | Reached XP level 2. HP: 18/19 MP: 6/6
   489 | D:1      | Reached skill level 1 in Armour
   798 | D:1      | Reached skill level 4 in Charms
   986 | D:1      | Reached XP level 3. HP: 24/24 MP: 8/8
  1213 | D:2      | Learned a level 3 spell: Regeneration
  1557 | D:2      | Reached XP level 4. HP: 30/30 MP: 1/9
  1712 | D:2      | Found a burning altar of Makhleb.
  1729 | D:2      | Found a sacrificial altar of Ru.
  1730 | D:2      | Found an oddly glowing altar of Pakellas.
  1877 | D:2      | Learned a level 2 spell: Song of Slaying
  1880 | D:2      | Learned a level 2 spell: Shroud of Golubria
  2090 | D:2      | Found a runed door.
  2370 | D:2      | Noticed Crazy Yiuf
  2375 | D:2      | Killed Crazy Yiuf
  2466 | D:3      | Noticed Jessica
  2472 | D:3      | Killed Jessica
  2472 | D:3      | Reached XP level 5. HP: 36/36 MP: 9/11
  2537 | D:3      | Noticed Robin
  3030 | D:3      | Killed Robin
  3052 | D:3      | Upgraded the game from 0.19-a0-1007-g133f65f to 0.19-a0-1712-gff403d4
  3052 | D:3      | Upgraded the game from 0.19-a0-1712-gff403d4 to 0.19-a0-1820-gbf060b2
  3052 | D:3      | Quit the game

Vault maps used:
D:1:      lightli_arrival_maybe_door_vault
D:2:      overflow_temple_1_default, gammafunk_temple_overflow_pools,
          st_stairs_13, uniq_crazy_yiuf_cottage
D:3:      uniq_iyjb, uniq_robin, uniq_jessica

Skill      XL: |  1  2  3  4 |
---------------+-------------+-----
Armour         | 1 |  1.6
Spellcasting   | 3 |  3.6
Charms         | 4 |  4.6
Long Blades    | 3 |  3.4
Dodging        | 2 |  2.1
Fighting       | |  2.8

Action                   |  1- 3 |  4- 6 || total
-------------------------+-------+-------++-------
Melee: Falchion          |   116 |    94 ||   210
Throw: Javelin           |     4 |     9 ||    13
 Cast: Infusion          |     4 |     3 ||     7
       Regeneration      |     3 |     4 ||     7
       Song of Slaying   |       |     1 ||     1
  Use: Scroll            |     4 |       ||     4
       Potion            |     1 |       ||     1
 Stab: Sleeping          |     1 |     1 ||     2
  Eat: Chunk             |     2 |     6 ||     8
Armor: Leather armour    |    22 |    15 ||    37
Dodge: Dodged            |    45 |    56 ||   101
